 Dungeon Sprint DCSS version 0.18-a0-1788-g92de1ac (webtiles) character file.

15900000 Kidiri the Conqueror (level 27, -16/323 HPs)
             Began as a Troll Gladiator on Apr 20, 2016.
             Was the Champion of Makhleb.
             Demolished by a meat berserker
             ... wielding a +9 battleaxe
              (70 damage)
             ... in the Dungeon (Sprint VIII: "Arena of Blood").
             The game lasted 00:07:32 (159 turns).

Kidiri the Conqueror (Troll Gladiator)               Turns: 159, Time: 00:07:33

Health: -16/323    AC:  7    Str: 31    XL:     27
Magic:  44/53      EV: 32    Int:  4    God:    Makhleb [******]
Gold:   0          SH:  0    Dex: 19    Spells: 0 memorised, 80 levels left

rFire  . . .     SeeInvis +     l - +∞ Axe of Woe
rCold  . . .     Gourm    +     b - +0 robe
rNeg   . . .     Faith    .     (shield currently unavailable)
rPois  .         Spirit   .     c - +0 hat
rElec  .         Dismiss  .     (no cloak)
rCorr  .         Reflect  .     (gloves unavailable)
SustAt .         Harm     .     (boots unavailable)
MR     ++...     NoTele   +     (no amulet)
Stlth  +++++++...               (no ring)
                                k - ring of see invisible

@: slowed, very slow, very resistant to hostile enchantments, extremely stealthy
A: unfitting armour, claws 3, fast metabolism 3, gourmand, regeneration 2,
shaggy fur 1, tough skin 2
a: Minor Destruction, Lesser Servant of Makhleb, Major Destruction, Greater
Servant of Makhleb, Renounce Religion


You were in the Dungeon.
You worshipped Makhleb.
Makhleb was exalted by your worship.
You were not hungry.

You visited 1 branch

Inventory:

Hand Weapons
 a - a +0 war axe
 l - the +∞ Axe of Woe (weapon)
   (You found it in the Dungeon)
Missiles
 d - 2 throwing nets (quivered)
Armour
 b - a +0 robe (worn)
 c - a +0 hat (worn)
Jewellery
 k - a ring of see invisible (left claw)
Potions
 h - a potion of haste
 i - 2 potions of magic
 j - a potion of berserk rage
Comestibles
 f - 2 bread rations


   Skills:
 O Level 27 Fighting
   Level 0.1 Long Blades
 O Level 27 Axes
 O Level 27 Throwing
 O Level 27 Armour
 O Level 27 Dodging
 O Level 27 Stealth
 O Level 27 Unarmed Combat
 O Level 27 Spellcasting
 O Level 27 Invocations


You had 80 spell levels left.
You didn't know any spells.

Dungeon Overview and Level Annotations

Branches:
Dungeon (1/1)

Altars:
Makhleb


Innate Abilities, Weirdness & Mutations

You are too large for most types of armour.
You have claws for hands.
Your metabolism is lightning-fast.
You like to eat raw meat.
You heal very quickly.
You are covered in fur (AC +1).
You have very tough skin (AC +2).


Message History

Makhleb accepts your kill.
You feel better.
You slice the dread!! You chop the dread into pieces.
You destroy the dread!
Makhleb accepts your kill.
You feel better.
You hear a shout! x3
The tyrant mumbles some strange words.
You hear a shout!
The dread calls on the powers of darkness!
The bag of meat convulses! x3; The eight-headed meat hydra convulses!
The bag of meat convulses! x2; The meat berserker convulses!
The scourge convulses!
Your body is wracked with pain!
* * * LOW HITPOINT WARNING * * *
You hear a shout!
The destroyer blinks!
You hear a shout! x2
The scourge bites you!
* * * LOW HITPOINT WARNING * * *
The meat berserker hits you with a +9 battleaxe!!!
You die...

#################
##............).)####
.........))))†).@S..#
......##)##§#####Oo....#
......x....M.. o.D....
###...x.##)##.L. ..Vo...
.W...........So..V...oW.
..........#.#.%OV...#2.X
...))...........x.####oo
#..))..%........... L.
.#..))...O.......


You could see a meat beast, a tyrant, an eight-headed meat hydra, 2 destroyers,
a scourge, a large abomination, a dread, a meat berserker (berserk) and 6 bags
of meat.

Vanquished Creatures
  4 hell knights (D)
  6 hell beasts (D)
  3 greater mummies (D)
  4 great orbs of eyes (D)
  3 wraiths (D)
  Harold (D)
  70 orcs (D)
  6 phantoms (D)
  3 hill giants (D)
  9 skeletal warriors (D)
  2 sea snakes (D)
  9 large abominations (D)
  8 small abominations (D)
  10 crawling corpses (D)
  13 vampire knights (D)
  32 ogres (D)
  4 liches (D)
  5 hydras (D)
192 creatures vanquished.

Vanquished Creatures (others)
  A great orb of eyes (D)
  A hydra (D)
  An orc (D)
  5 crawling corpses (D)
8 creatures vanquished.

Grand Total: 200 creatures vanquished

Notes
Turn   | Place    | Note
--------------------------------------------------------------
     0 | D        | Kidiri the Troll Gladiator began the quest for the Orb.
     0 | D        | Reached XP level 1. HP: 19/19 MP: 0/0
     3 | D        | Noticed a bag of meat
     4 | D        | Became a worshipper of Makhleb the Destroyer
     5 | D        | Killed a bag of meat
     5 | D        | Reached XP level 2. HP: 50/50 MP: 0/6
     5 | D        | Reached XP level 3. HP: 58/58 MP: 0/8
     5 | D        | Reached XP level 4. HP: 67/67 MP: 0/9
     5 | D        | Reached XP level 5. HP: 75/75 MP: 0/11
     5 | D        | Reached XP level 6. HP: 84/84 MP: 0/12
     5 | D        | Reached XP level 7. HP: 92/92 MP: 0/13
     5 | D        | Reached XP level 8. HP: 101/101 MP: 0/14
     5 | D        | Reached XP level 9. HP: 109/109 MP: 0/15
     5 | D        | Reached XP level 10. HP: 118/118 MP: 0/16
     5 | D        | Reached XP level 11. HP: 124/124 MP: 0/17
     7 | D        | Noticed a meat berserker
     8 | D        | Noticed a bag of meat
     8 | D        | Noticed a bag of meat
     9 | D        | Noticed a bag of meat
     9 | D        | Noticed a bag of meat
     9 | D        | Noticed a bag of meat
     9 | D        | Noticed a bag of meat
     9 | D        | Noticed a bag of meat
     9 | D        | Noticed a meat berserker
    10 | D        | Noticed a bag of meat
    10 | D        | Killed a meat berserker
    10 | D        | Reached * piety under Makhleb
    10 | D        | Reached skill level 15 in Fighting
    10 | D        | Reached skill level 15 in Armour
    10 | D        | Reached skill level 15 in Dodging
    10 | D        | Reached XP level 12. HP: 144/144 MP: 0/20
    10 | D        | Reached XP level 13. HP: 152/152 MP: 0/21
    11 | D        | Noticed a bag of meat
    11 | D        | Noticed a bag of meat
    11 | D        | Noticed a bag of meat
    11 | D        | Noticed a meat berserker
    11 | D        | Noticed a bag of meat
    11 | D        | Killed a bag of meat
    11 | D        | Reached XP level 14. HP: 163/163 MP: 1/22
    12 | D        | Noticed a bag of meat
    12 | D        | Noticed a bag of meat
    12 | D        | Noticed a bag of meat
    12 | D        | Noticed a bag of meat
    12 | D        | Noticed a meat berserker
    12 | D        | Killed a bag of meat
    12 | D        | Reached ** piety under Makhleb
    12 | D        | Killed a meat berserker
    12 | D        | Reached skill level 15 in Invocations
    12 | D        | Reached XP level 15. HP: 180/180 MP: 1/25
    13 | D        | Reached *** piety under Makhleb
    13 | D        | Reached skill level 15 in Axes
    13 | D        | Reached XP level 16. HP: 195/195 MP: 1/27
    14 | D        | Noticed a large bag of meat
    14 | D        | Noticed a meat berserker
    14 | D        | Reached **** piety under Makhleb
    14 | D        | Reached XP level 17. HP: 157/208 MP: 1/28
    14 | D        | Killed a meat berserker
    14 | D        | Reached ***** piety under Makhleb
    14 | D        | Killed a meat berserker
    14 | D        | Reached XP level 18. HP: 227/227 MP: 1/30
    16 | D        | Noticed a meat berserker
    16 | D        | Reached XP level 19. HP: 241/241 MP: 2/32
    16 | D        | Reached ****** piety under Makhleb
    17 | D        | Noticed a meat berserker
    17 | D        | Noticed a meat berserker
    17 | D        | Reached skill level 27 in Fighting
    17 | D        | Reached skill level 27 in Armour
    17 | D        | Reached skill level 27 in Dodging
    18 | D        | Killed a meat berserker
    18 | D        | Reached skill level 27 in Invocations
    18 | D        | Reached XP level 20. HP: 256/256 MP: 2/36
    18 | D        | Reached skill level 27 in Axes
    19 | D        | Reached skill level 5 in Stealth
    19 | D        | Reached skill level 5 in Spellcasting
    19 | D        | Reached skill level 10 in Throwing
    19 | D        | Reached skill level 10 in Unarmed Combat
    19 | D        | Reached skill level 10 in Stealth
    19 | D        | Reached XP level 21. HP: 265/265 MP: 3/37
    20 | D        | Noticed a destroyer
    21 | D        | Reached skill level 15 in Unarmed Combat
    21 | D        | Reached skill level 10 in Spellcasting
    21 | D        | Reached skill level 15 in Throwing
    21 | D        | Reached skill level 15 in Stealth
    22 | D        | Reached skill level 15 in Spellcasting
    22 | D        | Reached XP level 22. HP: 275/275 MP: 3/40
    24 | D        | Killed a destroyer
    24 | D        | Reached skill level 27 in Unarmed Combat
    24 | D        | Reached XP level 23. HP: 284/284 MP: 4/45
    25 | D        | Reached skill level 27 in Throwing
    26 | D        | Noticed a destroyer
    27 | D        | Noticed a destroyer
    27 | D        | Reached XP level 24. HP: 295/295 MP: 4/48
    28 | D        | Noticed a destroyer
    29 | D        | Reached skill level 27 in Stealth
    29 | D        | Killed a destroyer
    29 | D        | Reached skill level 27 in Spellcasting
    31 | D        | Reached XP level 25. HP: 273/304 MP: 5/53
    31 | D        | Killed a destroyer
    33 | D        | Noticed a destroyer
    35 | D        | Noticed a destroyer
    36 | D        | Noticed a destroyer
    38 | D        | Reached XP level 26. HP: 314/314 MP: 7/53
    38 | D        | Killed a destroyer
    39 | D        | Killed a destroyer
    39 | D        | Killed a destroyer
    39 | D        | Reached XP level 27. HP: 323/323 MP: 8/53
    42 | D        | Killed a destroyer
    43 | D        | Noticed a destroyer
    45 | D        | Noticed a tyrant
    45 | D        | Noticed a destroyer
    47 | D        | Killed a destroyer
    49 | D        | Noticed an accursed
    49 | D        | Killed a destroyer
    51 | D        | Noticed a tyrant
    56 | D        | Killed a tyrant
    57 | D        | Noticed a destroyer
    58 | D        | Killed a tyrant
    59 | D        | Killed a destroyer
    62 | D        | Noticed an accursed
    65 | D        | Noticed a meat beast
    67 | D        | Noticed an accursed
    69 | D        | Noticed a meat beast
    70 | D        | Noticed a dread
    71 | D        | Noticed a meat beast
    72 | D        | Killed a meat beast
    74 | D        | Noticed a destroyer
    77 | D        | Noticed a meat beast
    77 | D        | Noticed a meat beast
    78 | D        | Killed a meat beast
    80 | D        | Killed a meat beast
    81 | D        | Noticed a meat beast
    81 | D        | Killed a meat beast
    82 | D        | Noticed a dread
    83 | D        | Noticed The Servant
    84 | D        | Noticed a destroyer
    85 | D        | Killed an accursed
    86 | D        | Killed a meat beast
    87 | D        | Killed a dread
    88 | D        | Noticed a meat beast
    92 | D        | Noticed a tyrant
    94 | D        | Killed a destroyer
    96 | D        | Killed The Servant
    96 | D        | Killed an accursed
    97 | D        | Killed a meat beast
    99 | D        | Killed an accursed
   101 | D        | Noticed an accursed
   101 | D        | Killed a dread
   111 | D        | Killed a tyrant
   113 | D        | HP: 1/323 [scourge/poison arrow (44)]
   118 | D        | Noticed a tyrant
   118 | D        | Noticed a fleshlord
   129 | D        | Killed a fleshlord
   133 | D        | Noticed a fleshlord
   134 | D        | Noticed a fleshlord
   134 | D        | HP: 14/323 [eight-headed meat hydra (3)]
   137 | D        | Noticed a fleshlord
   138 | D        | Killed a fleshlord
   139 | D        | Noticed a destroyer
   139 | D        | Noticed a dread
   140 | D        | Killed a fleshlord
   145 | D        | Noticed a dread
   149 | D        | Noticed a destroyer
   151 | D        | Killed a destroyer
   152 | D        | Killed a tyrant
   153 | D        | Noticed a destroyer
   155 | D        | Noticed a destroyer
   155 | D        | Killed a destroyer
   157 | D        | Noticed a dread
   157 | D        | Noticed a tyrant
   158 | D        | Noticed a meat beast
   158 | D        | Killed a fleshlord
   158 | D        | HP: 13/323 [meat berserker/+9 battleaxe (72)]
   159 | D        | Killed a dread
   159 | D        | Demolished by a meat berserker

Vault maps used:
D:        meatsprint

Skill      XL: |  1  2  3  4  5  6  7  8  9 10 11 12 13 14 15 16 17 18 19 20 21 22 23 24 |
---------------+-------------------------------------------------------------------------+-----
Fighting       | 12 15 16 19 20 22 24 26 27 | 27.0
Axes           | 9 11 12 14 15 16 18 19 25 27 | 27.0
Armour         | 12 15 16 19 20 22 24 26 27 | 27.0
Dodging        | 12 15 16 19 20 22 24 26 27 | 27.0
Invocations    | 9 12 13 15 16 17 19 20 27 | 27.0
Throwing       | 13 20 25 27 | 27.0
Stealth        | 10 16 20 24 27 | 27.0
Unarmed Combat | 14 22 27 | 27.0
Spellcasting   | 9 15 19 22 27 | 27.0
Long Blades    | |  0.1

Action                   |  1- 3 |  4- 6 |  7- 9 | 10-12 | 13-15 | 16-18 | 19-21 | 22-24 | 25-27 || total
-------------------------+-------+-------+-------+-------+-------+-------+-------+-------+-------++-------
Melee: Executioner's axe |     1 |       |       |     1 |     3 |     3 |     5 |     6 |    85 ||   104
Throw: Throwing net      |       |       |       |       |       |       |       |       |     1 ||     1
  Use: Potion            |       |       |       |       |       |       |       |       |     2 ||     2
       Scroll            |       |       |       |       |       |       |       |       |     1 ||     1
 Stab: Held in net/web   |       |       |       |       |       |       |       |       |     1 ||     1
Armor: Robe              |       |       |       |       |       |       |       |       |     1 ||     1
Dodge: Dodged            |       |       |       |       |       |       |       |       |    24 ||    24
